 Dungeon Crawl Stone Soup version 0.29.0-4-gdea44cf6ec (webtiles) character file.

Game seed: 12458931918503104537

39 qw the Chopper (level 3, -5/21 HPs)
             Began as a Tengu Warper on Aug 28, 2022.
             Killed from afar by an orc wizard (9 damage)
             ... with a magic dart
             ... on level 4 of the Dungeon.
             The game lasted 00:00:07 (1529 turns).

qw the Chopper (Tengu Warper)                       Turns: 1529, Time: 00:00:07

Health: -5/21      AC:  5    Str: 13    XL:     3   Next: 47%
Magic:  7/7        EV: 11    Int: 13    God:
Gold:   68         SH:  0    Dex: 13    Spells: 6/6 levels left

rFire   . . .      SeeInvis .   Y - +0 hand axe
rCold   . . .      Faith    .   (no shield)
rNeg    . . .      Spirit   .   g - +0 ring mail
rPois   .          Reflect  .   (helmet restricted)
rElec   .          Harm     .   (no cloak)
rCorr   .          Rampage  .   (no gloves)
Will    .....                   (boots unavailable)
Stlth   +.........              (no amulet)
HPRegen 0.07/turn               (no ring)
MPRegen 0.10/turn               (no ring)

@: no status effects
A: beak, talons 3
a: no special abilities


You were on level 4 of the Dungeon.
You visited 1 branch of the dungeon, and saw 3 of its levels.

You collected 68 gold pieces.


Innate Abilities, Weirdness & Mutations

You have a beak for a mouth.
You have claws for feet.


   Skills:
 - Level 2.0 Fighting
 + Level 4.2 Axes
 - Level 1.0 Throwing
 - Level 1.1 Armour
 - Level 2.1 Dodging
 - Level 2.0 Spellcasting
 - Level 2.4 Translocations


You had 6 spell levels left.
You didn't know any spells.
Your spell library contained the following spells:

 Spells                   Type           Power      Damage    Failure   Level
 Blink                    Tloc           14%        N/A       30%         2
 Gell's Gravitas          Tloc           7%         N/A       52%         3
 Lesser Beckoning         Tloc           7%         N/A       52%         3
 Teleport Other           Tloc           7%         N/A       52%         3
 Manifold Assault         Tloc           7%         N/A       99%         5

Inventory:

Hand Weapons
 d - a +0 club
 Y - a +0 hand axe (weapon)
Armour
 g - a +0 ring mail (worn)
Scrolls
 a - a scroll of brand weapon {unknown}
Potions
 e - a potion of mutation {unknown}
 f - a potion of curing {unknown}

Dungeon Overview and Level Annotations

Branches:
Dungeon (2/15)

Altars:


Message History

The orc wizard hits you with a +0 dagger.
You hit the orc wizard. Your peck misses the orc wizard.
The orc wizard is moderately wounded.
The orc wizard hits you with a +0 dagger.
You hit the orc wizard but do no damage.
You peck the orc wizard.
The orc wizard is moderately wounded.
The orc wizard hits you with a +0 dagger.
You feel less confused.
The orc wizard casts a spell.
The orc wizard flickers and vanishes!
Deactivating autopickup; reactivate with Ctrl-A.
You closely miss the orc wizard. Your peck misses the orc wizard.
The orc wizard is moderately wounded.
The orc wizard hits you with a +0 dagger.
You barely miss the orc wizard. Your kick misses the orc wizard.
The orc wizard is moderately wounded.
The orc wizard hits you with a +0 dagger.
You closely miss the orc wizard. Your kick misses the orc wizard.
The orc wizard is moderately wounded.
The orc wizard gestures at you while chanting.
The puff of flame misses you.
You hit the orc wizard. Your kick misses the orc wizard.
The orc wizard is heavily wounded.
The orc wizard hits you but does no damage.
You hit the orc wizard. Your kick misses the orc wizard.
The orc wizard is severely wounded.
You barely miss something.
The orc wizard hits you but does no damage.
The orc priest invokes the aid of Beogh against you.
You hear some strange, mumbled words.
A puff of flame appears from out of thin air!
The puff of flame misses you.
You barely miss the orc wizard. You peck the orc wizard.
You kill the orc wizard!
You hit something but do no damage.
You hear some strange, mumbled words.
A magic dart appears from out of thin air!
The magic dart hits you!
You die...

#. #. #. #. #.
######. ###.#
#......###......
#){oo#
#@##.oo... ###.#


oo... #...# .... #...### ... #.## #. .. #. .. # You could see an orc priest and
an orc.

Vanquished Creatures
  An orc wizard (D:4)
  A dart slug (D:1)
  3 ball pythons (D:1)
  4 bats (D:1)
  5 endoplasms
  2 giant cockroaches (D:1)
  5 goblins (D:1)
  2 hobgoblins (D:1)
  2 jackals (D:1)
  2 quokkas (D:1)
  A frilled lizard (D:1)
  3 kobolds (D:1)
31 creatures vanquished.

Notes
Turn   | Place    | Note
-------+----------+-------------------------------------------
     0 | D:1      | qw the Tengu Warper began the quest for the Orb.
     0 | D:1      | Reached XP level 1. HP: 12/12 MP: 4/4
     0 | D:1      | 0 ||| qw: Version: 0.1-a-89-g26bdef1
     0 | D:1      | 0 ||| qw: Game counter: 1040
     0 | D:1      | 0 ||| qw: Always use a shield: true
     0 | D:1      | 0 ||| qw: God list: Okawaru
     0 | D:1      | 0 ||| qw: Allow faded altars: false
     0 | D:1      | 0 ||| qw: Do Orc after D:15 true
     0 | D:1      | 0 ||| qw: Do second Lair branch before Depths: true
     0 | D:1      | 0 ||| qw: Lair rune preference: random
     0 | D:1      | 0 ||| qw: Plans: Normal
     0 | D:1      | 0 ||| PLANNING D:1-11
   290 | D:1      | Reached skill level 3 in Axes
   290 | D:1      | Reached XP level 2. HP: 17/17 MP: 6/6
   629 | D:1      | 629 ||| Stepping ~*~*~tactically~*~*~ (stealth).
   937 | D:1      | Reached XP level 3. HP: 21/21 MP: 7/7
  1045 | D:1      | Reached skill level 4 in Axes
  1371 | D:1      | 1371 ||| UPGRADING to +0 ring mail.
  1381 | D:1      | 1381 ||| DROPPING +0 leather armour.
  1382 | D:1      | 1382 ||| READING scroll labelled FITIDD WUTHUK.
  1383 | D:1      | 1383 ||| READING scroll labelled XAIHAN JEAVVEMN.
  1384 | D:1      | 1384 ||| DROPPING scroll of blinking.
  1502 | D:2      | You fall into a shaft and drop 2 floors!
  1508 | D:4      | 1508 ||| Stepping ~*~*~tactically~*~*~ (hiding).
  1510 | D:4      | 1510 ||| Stepping ~*~*~tactically~*~*~ (hiding).
  1524 | D:4      | HP: 5/21 [orc wizard/+0 dagger (2)]
  1529 | D:4      | Killed from afar by an orc wizard

Levels and vault maps discovered:
D:1:      dpeg_arrival_tiny_a, layout_basic
D:2:      layout_basic, shapermc_ecumenical_altar_hornbeckon
D:4:      layout_basic, minmay_temple_entry_slanted, uniq_ijyb

Skill      XL: |  1  2  3 |
---------------+----------+-----
Axes           | 3 4 |  4.2
Fighting       | |  2.0
Throwing       | |  1.0
Armour         | |  1.1
Dodging        | |  2.1
Spellcasting   | |  2.0
Translocations | |  2.4

Action                   || total
-------------------------++-------
Melee: Hand axe          ||    83
       Peck              ||    14
       Kick              ||    15
       Punch             ||     1
Throw: Boomerang         ||     7
  Use: Scroll            ||     2
Armor: Leather armour    ||    16
       Ring mail         ||     3
Dodge: Dodged            ||    34

Table legend:
 A = Non-vault XP
 B = Vault XP
 C = Vault XP percentage of total XP
 D = Non-vault monster count
 E = Vault monster count
 F = Vault count percentage of total count
                 A         B        C        D         E       F
            +---------+---------+-------+---------+---------+-------
      Total |      92 |       0 |   0.0 |      31 |       0 |   0.0
            +---------+---------+-------+---------+---------+-------
        D:1 |      53 |       0 |   0.0 |      28 |       0 |   0.0
        D:2 |       2 |       0 |   0.0 |       1 |       0 |   0.0
        D:4 |      37 |       0 |   0.0 |       2 |       0 |   0.0
            +---------+---------+-------+---------+---------+-------
